 Dungeon Crawl Stone Soup version 0.31-a0-881-ge136f0c47a (webtiles) character file.

Game seed: 18001667446819471609

27 pokeman the Magician (level 2, -3/16 HPs)
             Began as a Deep Elf Hedge Wizard on Oct 16, 2023.
             Shot with a sling bullet by a kobold (10 damage)
             ... on level 2 of the Dungeon.
             The game lasted 00:01:44 (1180 turns).

pokeman the Magician (Deep Elf Hedge Wizard)        Turns: 1180, Time: 00:01:44

Health: -3/16      AC:  7    Str:  7    XL:     2   Next: 93%
Magic:  8/10       EV: 12    Int: 18    God:
Gold:   45         SH:  0    Dex: 14    Spells: 10/11 levels left

rFire   . . .        j - +0 arbalest
rCold   . . .        (shield currently unavailable)
rNeg    . . .        b - +0 robe
rPois   .            g - +1 hat
rElec   .            (no cloak)
rCorr   .            (no gloves)
SInv    .            (no boots)
Will    .....        (no amulet)
Stlth   ++           h - ring of flight
HPRegen 0.22/turn    i - +4 ring of protection
MPRegen 0.12/turn

%: no passive effects
@: flying
A: no striking features
a: no special abilities


You were on level 2 of the Dungeon.
You visited 1 branch of the dungeon, and saw 2 of its levels.

You collected 45 gold pieces.

Inventory:

Hand Weapons
 j - a +0 arbalest (weapon)
Armour
 b - a +0 robe (worn)
 g - a +1 hat (worn)
Jewellery
 e - an amulet of faith
 h - a ring of flight (left hand)
 i - a +4 ring of protection (right hand)
Scrolls
 c - a scroll of noise {unknown}
 f - a scroll of identify {unknown}
Potions
 d - a potion of magic


   Skills:
 + Level 0.7 Fighting
 + Level 0.7 Armour
 - Level 2.4 Dodging
 - Level 2.4 Stealth
 * Level 5.0 Spellcasting
 + Level 1.6 Conjurations
 - Level 1.1 Summonings
 - Level 1.1 Translocations


You had 10 spell levels left.
You knew the following spells:

 Your Spells              Type           Power      Damage    Failure   Level
a - Magic Dart            Conj           40%        1d5       7%          1

Your spell library contained the following spells:

 Spells                   Type           Power      Damage    Failure   Level
 Slow                     Hex            16%        N/A       13%         1
 Blink                    Tloc           16%        N/A       13%         2
 Call Imp                 Summ           16%        N/A       13%         2
 Static Discharge         Conj/Air       14%        2-3/arc   14%         2
 Cigotuvi's Dreadful Rot  Necr/Pois/Air  8%         N/A       21%         2
 Mephitic Cloud           Conj/Pois/Air  6%         N/A       32%         3
 Summon Guardian Golem    Hex/Summ       6%         N/A       32%         3
 Summon Lightning Spire   Summ/Air       6%         N/A       71%         4
 Airstrike                Air            2%         2d(1-17)  78%         4
 Orb of Destruction       Conj           5%         9d5       100%        7
 Spellforged Servitor     Conj/Summ      4%         N/A       100%        7


Dungeon Overview and Level Annotations

Branches:
Dungeon (2/15)

Altars:


Message History

Aim: a bat (100% to hit)
The magic dart hits the bat.
You kill the bat!
Casting: Magic Dart (safe; 7% risk of failure)
Confirm with . or Enter, or press ? or * to list all spells.
You can't see any susceptible monsters within range! (Use Z to cast anyway.) Unknown command.
Found an arbalest.
A kobold comes into view.
It is wielding a +1 sling of electrocution.
The kobold moves out of view.
A rat comes into view.
You see here a +0 arbalest.
j - a +0 arbalest
Casting: Magic Dart (safe; 7% risk of failure)
Confirm with . or Enter, or press ? or * to list all spells.
Aiming: Magic Dart (safe; 7% risk of failure)
Press: ? - help, Shift-Dir - straight line, f - rat
Aim: a rat (100% to hit)
The magic dart hits the rat.
The rat is heavily wounded.
Casting: Magic Dart (safe; 7% risk of failure)
Confirm with . or Enter, or press ? or * to list all spells.
Aiming: Magic Dart (safe; 7% risk of failure)
Press: ? - help, Shift-Dir - straight line, f/p - rat
Aim: a rat (heavily wounded, 100% to hit)
The magic dart hits the rat.
You kill the rat!
j - a +0 arbalest (weapon)
You drop a +0 dagger.
A kobold is nearby!
Fire: j) +0 arbalest
Press: ? - help, Q - select action, (/) - cycle Shift-Dir - straight line, f - kobold
Aim: a kobold, wielding a +1 sling of electrocution and wearing a +0 ring mail (wandering, hasn't noticed you, 45% to hit)
You shoot a bolt. The bolt barely misses the kobold.
The kobold shouts!
The kobold shoots a sling bullet.
The sling bullet hits you.
The kobold shoots a sling bullet.
The sling bullet hits you.
You are electrocuted!
Ouch! That really hurt!
You die...

.# .... .## ...
##.K ... #..####.##
#.......# #.......#
#.......# #.......#
#@......# #.......#
...#
#.......####...#
#.............<
####.#.#####..#
#.#.# #..# #.#.##
#..#
#.######....####..#
#
..........#.......#
#


You could see a kobold.

Vanquished Creatures
  A dart slug (D:2)
  2 bats
  5 endoplasms
  3 goblins (D:1)
  A hobgoblin (D:1)
  2 jackals (D:1)
  2 quokkas (D:1)
  A ball python (D:1)
  A frilled lizard (D:1)
  4 rats
22 creatures vanquished.

Notes
Turn   | Place    | Note
-------+----------+-------------------------------------------
     0 | D:1      | pokeman the Deep Elf Hedge Wizard began the quest for the
                  | Orb.
     0 | D:1      | Reached XP level 1. HP: 10/10 MP: 7/7
   229 | D:1      | Reached XP level 2. HP: 16/16 MP: 4/9
  1052 | D:2      | Reached skill level 5 in Spellcasting
  1180 | D:2      | Shot with a sling bullet by a kobold

Illustrated notes

Levels and vault maps discovered:
D:1:      beargit_arrival_greenhouse, layout_basic
D:2:      layout_loops_ring, minmay_misc_feat_square

Skill      XL: |  1  2 |
---------------+-------+-----
Spellcasting   | 5 |  5.0
Fighting       | |  0.7
Armour         | |  0.7
Dodging        | |  2.4
Stealth        | |  2.4
Conjurations   | |  1.6
Summonings     | |  1.1
Translocations | |  1.1

Action                     || total
---------------------------++-------
   Fire: Arbalest          ||     1
   Cast: Magic Dart        ||    57
 Armour: Robe              ||     5
  Dodge: Dodged            ||     2

Table legend: (Time is in decaauts)
 A = Elapsed time spent in this place.
 B = Non-inter-level travel time spent in this place.
 C = Inter-level travel time spent in this place.
 D = Time resting spent in this place.
 E = Time spent auto-exploring this place.
 F = Levels seen in this place.
 G = Mean time per level.
                   A        B        C        D        E       F      G
               +--------+--------+--------+--------+--------+-----+--------+
         Total |   1178 |   1164 |     14 |      0 |   1045 |   2 |  589.0 |
       Dungeon |   1178 |   1164 |     14 |      0 |   1045 |   2 |  589.0 |
               +--------+--------+--------+--------+--------+-----+--------+

Top non-repeatable levels by time:
     D:1: 984 daAuts
     D:2: 194 daAuts
